 Dungeon Crawl Stone Soup version 0.31-a0-202-g547052bce9 (webtiles) character file.

Game seed: 11370985987403268855

81 qw the Shooter (level 4, -1/25 HPs)
             Began as a Deep Elf Hunter on June 26, 2023.
             Slain by an adder (2 damage)
             ... on level 2 of the Dungeon.
             The game lasted 00:00:19 (1120 turns).

qw the Shooter (Deep Elf Hunter)                    Turns: 1120, Time: 00:00:20

Health: -1/25      AC:  3    Str: 10    XL:     4   Next: 19%
Magic:  6/6        EV: 12    Int: 14    God:
Gold:   66         SH:  0    Dex: 18    Spells: 3/3 levels left

rFire   . . .        a - +0 shortbow
rCold   . . .        (shield currently unavailable)
rNeg    . . .        c - +0 leather armour
rPois   .            (no helmet)
rElec   .            (no cloak)
rCorr   .            (no gloves)
SInv    .            (no boots)
Will    .....        (no amulet)
Stlth   ++           (no ring)
HPRegen 0.24/turn    (no ring)
MPRegen 0.10/turn

%: no passive effects
@: no status effects
A: no striking features
a: no special abilities


You were on level 2 of the Dungeon.
You visited 1 branch of the dungeon, and saw 2 of its levels.

You collected 66 gold pieces.


   Skills:
 - Level 1.5 Fighting
 + Level 7.6 Ranged Weapons
 - Level 2.4 Dodging
 - Level 1.2 Stealth


You had 3 spell levels left.
You didn't know any spells.
Your spell library was empty.

Inventory:

Hand Weapons
 a - a +0 shortbow (weapon)
Armour
 c - a +0 leather armour (worn)
Scrolls
 b - a scroll of fear {unknown}
 e - a scroll of enchant weapon {unknown}
Potions
 d - a potion of degeneration {unknown}

Dungeon Overview and Level Annotations

Branches:
Dungeon (2/15)

Altars:


Message History

The adder is lightly wounded.
You shoot an arrow. The arrow hits the adder.
The adder is heavily wounded.
The adder bites you.
You shoot an arrow. The arrow misses the adder.
The adder closely misses you.
You shoot an arrow. The arrow barely misses the adder.
The adder bites you.
You are poisoned.
The adder poisons you! The adder bites you.
You are more poisoned.
The adder poisons you!
You shoot an arrow. The arrow closely misses the adder.
You feel very sick. The adder bites you but does no damage.
You shoot an arrow.
The arrow hits the adder but does no damage.
The adder is heavily wounded.
You feel very sick. The adder bites you but does no damage.
You shoot an arrow. The arrow misses the adder.
You feel sick. The adder bites you. The adder barely misses you.
You shoot an arrow. The arrow barely misses the adder.
You feel sick. The adder bites you.
You shoot an arrow. The arrow barely misses the adder.
You feel sick. The adder closely misses you.
You shoot an arrow. The arrow closely misses the adder.
You feel sick. The adder barely misses you. The adder misses you.
You shoot an arrow. The arrow barely misses the adder.
You feel sick. The adder misses you.
You shoot an arrow. The arrow barely misses the adder.
You feel sick. The adder bites you but does no damage.
You shoot an arrow. The arrow barely misses the adder.
You feel sick.
You are no longer poisoned.
The adder misses you. The adder bites you.
You shoot an arrow. The arrow hits the adder.
The adder is almost dead.
The adder bites you.
You die...

#......#########
................
##
.......#.####..#
.#
######..........
#. ###.#######
.. #.# .# #.# .#
#.########S#
#.......(@.#
############


You could see an adder.

Vanquished Creatures
  Jessica (D:2)
  2 adders (D:2)
  2 dart slugs (D:1)
  A ball python (D:1)
  5 endoplasms
  A giant cockroach (D:1)
  4 goblins
  4 hobgoblins
  2 kobolds (D:1)
  2 quokkas (D:1)
  A bat (D:2)
  2 frilled lizards (D:2)
  5 rats
32 creatures vanquished.

Notes
Turn   | Place    | Note
-------+----------+-------------------------------------------
     0 | D:1      | qw the Deep Elf Hunter began the quest for the Orb.
     0 | D:1      | Reached XP level 1. HP: 12/12 MP: 3/3
     0 | D:1      | 0 ||| qw: Version: 0.3-a-22-g0ed2b0b
     0 | D:1      | 0 ||| qw: Game counter: 5808
     0 | D:1      | 0 ||| qw: Melee chars always use a shield: true
     0 | D:1      | 0 ||| qw: God list: Okawaru
     0 | D:1      | 0 ||| qw: Allow faded altars: false
     0 | D:1      | 0 ||| qw: Do Orc after clearing Dungeon:15 true
     0 | D:1      | 0 ||| qw: Do second Lair branch before Depths: true
     0 | D:1      | 0 ||| qw: Lair rune preference: random
     0 | D:1      | 0 ||| qw: Goals: Normal
     0 | D:1      | 0 ||| PLANNING D:1-11
   163 | D:1      | Reached skill level 6 in Ranged Weapons
   163 | D:1      | Reached XP level 2. HP: 16/16 MP: 4/4
   820 | D:1      | 820 ||| DROPPING scroll of butterflies.
   873 | D:2      | Reached XP level 3. HP: 20/20 MP: 5/5
  1020 | D:2      | Noticed Jessica
  1027 | D:2      | Killed Jessica
  1028 | D:2      | Reached skill level 7 in Ranged Weapons
  1028 | D:2      | Reached XP level 4. HP: 25/25 MP: 6/6
  1115 | D:2      | HP: 6/25 [poisoned by an adder]
  1119 | D:2      | HP: 1/25 [adder (2)]
  1120 | D:2      | Slain by an adder

Levels and vault maps discovered:
D:1:      minmay_arrival_nine_rooms, layout_loops_corners
D:2:      layout_loops_ring, serial_rivers, chequers_serial_rivers_large_a,
          chequers_serial_rivers_micro_c, chequers_serial_rivers_marsh,
          chequers_serial_rivers_marsh, uniq_jessica

Skill      XL: |  1  2  3 |
---------------+----------+-----
Ranged Weapons | 6 7 |  7.6
Fighting       | |  1.5
Dodging        | |  2.4
Stealth        | |  1.2

Action                     |  1- 3 |  4- 6 || total
---------------------------+-------+-------++-------
   Fire: Shortbow          |    66 |    23 ||    89
 Armour: Leather armour    |     2 |     3 ||     5
  Dodge: Dodged            |     9 |     8 ||    17

Table legend:
 A = Non-vault XP
 B = Vault XP
 C = Vault XP percentage of total XP
 D = Non-vault monster count
 E = Vault monster count
 F = Vault count percentage of total count
                 A         B        C        D         E       F
            +---------+---------+-------+---------+---------+-------
      Total |      79 |      37 |  31.9 |      31 |       1 |   3.1
            +---------+---------+-------+---------+---------+-------
        D:1 |      38 |       0 |   0.0 |      19 |       0 |   0.0
        D:2 |      41 |      37 |  47.4 |      12 |       1 |   7.7
            +---------+---------+-------+---------+---------+-------
